 Dungeon Crawl Stone Soup version 0.31.0-9-g3a7656b989 (console) character file.

Game seed: 2024948965185775238

11394 Ignak the Thaumaturge (level 11, -11/83 HPs)
             Began as a Gnoll Air Elementalist on Feb 1, 2024.
             Was a Priest of Sif Muna.
             Mangled by an ogre
             ... wielding a +0 giant spiked club
             ... led by Lodul
              (16 damage)
             ... on level 10 of the Dungeon.
             The game lasted 00:39:34 (13042 turns).

Ignak the Thaumaturge (Gnoll Air Elementalist)     Turns: 13042, Time: 00:39:34

Health: -11/83     AC:  3    Str:  4    XL:     11   Next: 77%
Magic:  6/23       EV: 19    Int: 19    God:    Sif Muna [***...]
Gold:   702        SH:  5    Dex: 13    Spells: 6/27 levels left

rFire   . . .        a - +9 mace {drain, rC+ Str-3 SInv}
rCold   + . .        (no shield)
rNeg    . . .        y - +0 troll leather armour
rPois   +            (no helmet)
rElec   .            (no cloak)
rCorr   .            (no gloves)
SInv    +            (no boots)
Will    .....        j - amulet of reflection
Stlth   ++++         o - +5 ring of evasion
HPRegen 1.13/turn    v - ring of poison resistance
MPRegen 0.18/turn

%: reflection
@: very slightly contaminated, slowed, invisible, very slow
A: fangs 1, strong nose, distributed training
a: Renounce Religion, Channel Magic, Forget Spell


You were on level 10 of the Dungeon.
You worshipped Sif Muna.
Sif Muna was most pleased with you.
You visited 2 branches of the dungeon, and saw 11 of its levels.
You also visited: Sewer and Ossuary.

You collected 702 gold pieces.

Inventory:

Hand Weapons
 a - the +9 mace of the Foremost Defenders (weapon) {drain, rC+ Str-3 SInv}
   (You found it on level 10 of the Dungeon)

   Str-3:     It affects your strength (-3).
   rC+:       It protects you from cold.
   SInv:      It lets you see invisible.
 b - a +2 trident of holy wrath
Missiles
 u - 16 poisoned darts
Armour
 y - a +0 troll leather armour (worn)
Jewellery
 j - an amulet of reflection (around neck)
 l - a ring of protection from fire
 o - a +5 ring of evasion (left hand)
 v - a ring of poison resistance (right hand)
 B - a ring of flight
Wands
 f - a wand of polymorph (12)
 k - a wand of flame (18)
 E - a wand of iceblast (6)
Scrolls
 c - a scroll of revelation
 i - a scroll of fog
 m - 3 scrolls of vulnerability {unknown}
 p - a scroll of enchant armour
 s - 2 scrolls of teleportation
 w - a scroll of blinking
Potions
 d - 2 potions of brilliance {unknown}
 e - 6 potions of curing
 g - 2 potions of enlightenment
 h - 2 potions of might {unknown}
 n - 3 potions of attraction
 q - 3 potions of lignification
 r - 2 potions of mutation {unknown}
 t - 2 potions of cancellation
 z - a potion of berserk rage {unknown}
 A - a potion of haste {unknown}
 F - 2 potions of magic
 G - a potion of heal wounds
 H - a potion of degeneration {unknown}
 I - 2 potions of ambrosia
 K - a potion of resistance {unknown}
Miscellaneous
 C - a condenser vane (inert)


   Skills:
 + Level 6.8 Fighting
 + Level 6.8 Short Blades
 + Level 6.8 Long Blades
 + Level 6.8 Axes
 + Level 6.8 Maces & Flails
 + Level 6.8 Polearms
 + Level 6.8 Staves
 + Level 6.8 Ranged Weapons
 + Level 6.8 Throwing
 + Level 6.8 Armour
 + Level 8.3 Dodging
 + Level 8.1 Stealth
 + Level 6.8 Shields
 + Level 6.8 Unarmed Combat
 + Level 8.6 Spellcasting
 + Level 6.1 Conjurations
 + Level 5.7 Hexes
 + Level 5.7 Summonings
 + Level 5.7 Necromancy
 + Level 5.7 Translocations
 + Level 5.7 Fire Magic
 + Level 5.7 Ice Magic
 + Level 8.0 Air Magic
 + Level 5.7 Earth Magic
 + Level 5.7 Alchemy
 + Level 7.5 Invocations
 + Level 6.8 Evocations
 + Level 6.2 Shapeshifting


You had 6 spell levels left.
You knew the following spells:

 Your Spells              Type           Power      Damage    Failure   Level
a - Shock                 Conj/Air       100%       1d9       1%          1
b - Swiftness             Air            38%        N/A       1%          3
c - Airstrike             Air            19%        2d(3-19)  4%          4
d - Petrify               Alch/Erth      29%        N/A       13%         4
e - Call Canine Familiar  Summ           29%        N/A       4%          3
q - Anguish               Hex/Necr       14%        N/A       13%         4
z - Static Discharge      Conj/Air       70%        3-6/arc   1%          2

Your spell library contained the following spells:

 Spells                   Type           Power      Damage    Failure   Level
 Slow                     Hex            100%       N/A       1%          1
 Sublimation of Blood     Necr           29%        N/A       1%          2
 Confusing Touch          Hex            29%        N/A       4%          3
 Sigil of Binding         Hex            29%        N/A       4%          3
 Vampiric Draining        Necr           29%        2d8       4%          3
 Cause Fear               Hex            14%        N/A       13%         4
 Dimensional Bullseye     Hex/Tloc       14%        N/A       13%         4
 Irradiate                Conj/Alch      15%        3d16      34%         5
 Enfeeble                 Hex            14%        N/A       100%        7


Dungeon Overview and Level Annotations

Branches:
Dungeon (10/15)            Temple (1/1) D:5            Lair (0/5) D:10
  Sewer (visited)         Ossuary (visited)
    Orc: D:9-12

Altars:
Ashenzari
Cheibriados
Dithmenos
Elyvilon
Fedhas
Gozag
Hepliaklqana
Kikubaaqudgha
Makhleb
Nemelex Xobeh
Okawaru
Qazlal
Ru
Sif Muna
Trog
Uskayaw
Vehumet
Wu Jian
Xom
Yredelemnul
Zin
The Shining One

Annotations:
D:5 exclusion: statue
Temple 2 transporters


Innate Abilities, Weirdness & Mutations

You have very sharp teeth.
Your uncanny sense of smell can sniff out nearby items.
Your experience applies equally to all skills.


Message History

Things that are here:
a +0 giant club; a +0 dire flail; an ogre corpse
u - 16 poisoned darts (gained 1)
You see here 4 poisoned darts.
You see here a +0 giant club.
You see here 4 poisoned darts.
The ogre misses you.
You barely miss the ogre. The ogre closely misses you.
Casting: Anguish (dangerous; 13% risk of failure)
Confirm with . or Enter, or press ? or * to list all spells.
Casting: Anguish (dangerous; 13% risk of failure)
Press: ? - help, Dir - look around, f - activate You miscast Anguish.
You are very lightly contaminated with residual magic.
Nothing appears to happen.
The ogre hits you with a +0 giant spiked club!!
* * * LOW HITPOINT WARNING * * *
Casting: Anguish (dangerous; 13% risk of failure)
Confirm with . or Enter, or press ? or * to list all spells.
You don't know that spell.
Casting: Anguish (dangerous; 13% risk of failure)
Confirm with . or Enter, or press ? or * to list all spells.
Casting: Anguish (dangerous; 13% risk of failure)
Press: ? - help, Dir - look around, f - activate You miscast Anguish.
Nothing appears to happen.
The ogre barely misses you.
Casting: Anguish (dangerous; 13% risk of failure)
Confirm with . or Enter, or press ? or * to list all spells.
Okay, then.
Throw: throwing net
Press: ? - help, Q - select action, (/) - cycle Shift-Dir - straight line, f - ogre
Aim: an ogre, wielding a +0 giant spiked club (76% to hit)
You throw a throwing net.
The throwing net barely misses the ogre.
The ogre hits you with a +0 giant spiked club!!
* * * LOW HITPOINT WARNING * * *
You see here 4 poisoned darts.
Okay, then.
You fade into invisibility!
The ogre hits you with a +0 giant spiked club!
You die...

#..##).# ####++ ####......#####
#.... #.>#......##... #...#
#..#......##... #####...#
#..#......##... #### #.......#
#..#......##... ...# #.......#
#..#......##... ...#
#.##....####..'......##...
..######.......O@)...############
..#....#######)######..........##
..#....# #...)....#........#.#.
###....# #(.......#........#.#)
.......# +........#....[...#.'.
.#.....# #........#........#.#.
.#.....### #######O.#.....O....#.
...###'#.## #..############.
####......# ..... #.........


You could see an ogre (unable to see you).

Vanquished Creatures
  Erolcha (D:10)
  Erica (D:10)
  2 two-headed ogres (D:10)
  Pikel (D:6)
  A troll (D:8)
  Prince Ribbit (D:5)
  10 yaks
  2 wyverns
  Eustachio (D:6)
  3 vampire mosquitoes
  Menkaure (D:5)
  An acid dragon (D:10)
  4 water moccasins
  A black bear (D:4)
  5 orc warriors
  2 ice beasts (D:6)
  2 sky beasts
  4 ogres
  4 lemures (D:6)
  A phantom (D:5)
  2 kobold brigands
  5 bullfrogs
  A weeping skull (Ossuary)
  A gnoll sergeant (D:8)
  10 wights
  6 killer bees
  3 howler monkeys
  3 bombardier beetles
  3 centaur zombies (Ossuary)
  A gnoll bouda (D:8)
  A jelly (D:6)
  7 orc priests
  3 hounds
  2 iguanas
  9 orc wizards
  3 sleepcaps
  A human zombie (Ossuary)
  Ijyb (D:5)
  A killer bee zombie (Ossuary)
  A crocodile zombie (Ossuary)
  A hound zombie (Ossuary)
  3 mummies (Ossuary)
  11 gnolls
  6 adders
  A shadow imp (D:8)
  2 white imps
  7 adder zombies (Ossuary)
  3 dart slugs
  36 orcs
  3 endoplasms
  5 giant cockroaches
  4 goblins
  4 hobgoblins
  12 jackals
  17 kobolds
  4 quokkas
  14 ball pythons
  6 ball python zombies (Ossuary)
  5 bats
  3 frilled lizards
  3 gnoll zombies (Ossuary)
  A jackal zombie (Ossuary)
  4 kobold zombies (Ossuary)
  3 orc zombies (Ossuary)
  2 rats
272 creatures vanquished.

Vanquished Creatures (collateral kills)
  A crocodile (Sewer)
1 creature vanquished.

Vanquished Creatures (others)
  Lodul (D:10)
  A steam dragon (D:9)
  3 ogres (D:10)
5 creatures vanquished.

Grand Total: 278 creatures vanquished

Notes
Turn   | Place    | Note
-------+----------+-------------------------------------------
     0 | D:1      | Ignak the Gnoll Air Elementalist began the quest for the
                  | Orb.
     0 | D:1      | Reached XP level 1. HP: 13/13 MP: 6/6
   266 | D:1      | Reached XP level 2. HP: 19/19 MP: 4/7
   947 | D:2      | Reached skill level 5 in Spellcasting
   947 | D:2      | Reached XP level 3. HP: 24/25 MP: 3/9
  1157 | D:2      | Reached skill level 1 in Invocations
  1711 | D:3      | Learned a level 2 spell: Static Discharge
  1715 | D:3      | Learned a level 3 spell: Swiftness
  1735 | D:3      | Reached skill level 1 in Fighting
  1735 | D:3      | Reached skill level 1 in Short Blades
  1735 | D:3      | Reached skill level 1 in Long Blades
  1735 | D:3      | Reached skill level 1 in Axes
  1735 | D:3      | Reached skill level 1 in Maces & Flails
  1735 | D:3      | Reached skill level 1 in Polearms
  1735 | D:3      | Reached skill level 1 in Staves
  1735 | D:3      | Reached skill level 1 in Ranged Weapons
  1735 | D:3      | Reached skill level 1 in Throwing
  1735 | D:3      | Reached skill level 1 in Armour
  1735 | D:3      | Reached skill level 1 in Shields
  1735 | D:3      | Reached skill level 1 in Unarmed Combat
  1735 | D:3      | Reached skill level 1 in Evocations
  1735 | D:3      | Reached skill level 1 in Shapeshifting
  1735 | D:3      | Reached XP level 4. HP: 29/32 MP: 8/11
  1866 | D:3      | Reached skill level 1 in Hexes
  1866 | D:3      | Reached skill level 1 in Summonings
  1866 | D:3      | Reached skill level 1 in Necromancy
  1866 | D:3      | Reached skill level 1 in Translocations
  1866 | D:3      | Reached skill level 1 in Fire Magic
  1866 | D:3      | Reached skill level 1 in Ice Magic
  1866 | D:3      | Reached skill level 1 in Earth Magic
  1866 | D:3      | Reached skill level 1 in Alchemy
  2660 | D:4      | Noticed a black bear
  2684 | D:4      | Killed a black bear
  2685 | D:4      | Reached XP level 5. HP: 18/37 MP: 4/12
  2776 | D:4      | Found a glowing drain.
  2791 | Sewer    | Entered a sewer
  2860 | Sewer    | Noticed a crocodile
  2878 | Sewer    | Killed a crocodile
  2879 | Sewer    | Reached skill level 5 in Dodging
  2879 | Sewer    | Reached XP level 6. HP: 31/44 MP: 11/14
  3779 | D:4      | Reached XP level 7. HP: 49/50 MP: 9/15
  4011 | D:5      | Entered Level 5 of the Dungeon
  4066 | D:5      | Found a radiant altar of Vehumet.
  4113 | D:5      | Found a staircase to the Ecumenical Temple.
  4170 | D:5      | Noticed Menkaure
  4202 | D:5      | Killed Menkaure
  4203 | D:5      | Reached skill level 5 in Stealth
  4211 | D:5      | Learned a level 4 spell: Airstrike
  4698 | D:5      | Noticed Prince Ribbit
  4705 | D:5      | Killed Prince Ribbit
  4706 | D:5      | Reached XP level 8. HP: 20/58 MP: 7/17
  4955 | Temple   | Found a transporter.
  4955 | Temple   | Found a transporter.
  4955 | Temple   | Found a transporter.
  4955 | Temple   | Found a transporter.
  4955 | Temple   | Entered the Ecumenical Temple
  4967 | Temple   | Became a worshipper of Sif Muna the Loreminder
  5017 | D:5      | Noticed Ijyb
  5019 | D:5      | Killed Ijyb
  5406 | D:6      | Noticed Pikel
  5735 | D:6      | Found a sand-covered staircase.
  5740 | Ossuary  | Entered an ossuary
  6080 | Ossuary  | Reached * piety under Sif Muna
  6726 | D:6      | Noticed a yak
  6737 | D:6      | Reached XP level 9. HP: 62/65 MP: 13/18
  6865 | D:6      | Noticed Eustachio
  6891 | D:6      | HP: 2/65 [poisoned by a kobold brigand (curare-tipped
                  | dart)]
  7076 | D:6      | Killed Pikel
  7283 | D:6      | Reached skill level 5 in Invocations
  7338 | D:6      | Killed Eustachio
  8294 | D:7      | Learned a level 3 spell: Call Canine Familiar
  8299 | D:7      | Learned a level 4 spell: Petrify
  8413 | D:7      | Reached ** piety under Sif Muna
  8414 | D:7      | Reached skill level 5 in Fighting
  8414 | D:7      | Reached skill level 5 in Short Blades
  8414 | D:7      | Reached skill level 5 in Long Blades
  8414 | D:7      | Reached skill level 5 in Axes
  8414 | D:7      | Reached skill level 5 in Maces & Flails
  8414 | D:7      | Reached skill level 5 in Polearms
  8414 | D:7      | Reached skill level 5 in Staves
  8414 | D:7      | Reached skill level 5 in Ranged Weapons
  8414 | D:7      | Reached skill level 5 in Throwing
  8414 | D:7      | Reached skill level 5 in Armour
  8414 | D:7      | Reached skill level 5 in Shields
  8414 | D:7      | Reached skill level 5 in Unarmed Combat
  8414 | D:7      | Reached skill level 5 in Evocations
  8414 | D:7      | Reached XP level 10. HP: 73/74 MP: 3/20
  8636 | D:7      | Learned a level 4 spell: Anguish
  9094 | D:7      | Found an opulent altar of Gozag.
  9221 | D:7      | Found a snail-covered altar of Cheibriados.
  9672 | D:8      | Reached skill level 5 in Conjurations
  9857 | D:8      | Reached skill level 5 in Shapeshifting
 10215 | D:8      | Identified the amulet "Zuclixif" {Spirit Str+2 Int+6}
 10744 | D:8      | Reached *** piety under Sif Muna
 11065 | D:9      | Reached skill level 5 in Hexes
 11065 | D:9      | Reached skill level 5 in Summonings
 11065 | D:9      | Reached skill level 5 in Necromancy
 11065 | D:9      | Reached skill level 5 in Translocations
 11065 | D:9      | Reached skill level 5 in Fire Magic
 11065 | D:9      | Reached skill level 5 in Ice Magic
 11065 | D:9      | Reached skill level 5 in Earth Magic
 11065 | D:9      | Reached skill level 5 in Alchemy
 11065 | D:9      | Reached XP level 11. HP: 81/81 MP: 13/22
 11646 | D:10     | Entered Level 10 of the Dungeon
 11685 | D:10     | Noticed a two-headed ogre
 11692 | D:10     | Killed a two-headed ogre
 11879 | D:10     | Noticed a two-headed ogre
 11887 | D:10     | Killed a two-headed ogre
 12199 | D:10     | Identified the +9 mace of the Foremost Defenders {drain,
                  | rC+ Str-3 SInv}
 12598 | D:10     | Found a staircase to the Lair.
 12697 | D:10     | Noticed Erolcha
 12705 | D:10     | Killed Erolcha
 12780 | D:10     | Noticed Lodul
 12793 | D:10     | HP: 1/83 [Lodul/bolt of lightning (38)]
 12793 | D:10     | Killed Lodul
 12999 | D:10     | Noticed Erica
 13020 | D:10     | Killed Erica
 13040 | D:10     | HP: 1/83 [ogre/+0 giant spiked club[Lodul] (19)]
 13042 | D:10     | Mangled by an ogre

Illustrated notes

Levels and vault maps discovered:
D:1:      ldierk_walled_garden, layout_loops_corners
D:2:      layout_loops_ring, chequers_serial_rivers_room_a
D:3:      layout_loops_corners
D:4:      layout_loops_corners, cheibrodos_sewer_entry_drain
D:5:      layout_gridville, vehumet_statue, minmay_temple_entry_gardened_gates,
          uniq_menkaure, uniq_prince_ribbit1, uniq_ijyb
D:6:      minmay_recursive_quarters, layout_basic, enter_ossuary_5,
          chequers_avenue, skrybe_limestone_x, uniq_pikel, uniq_eustachio
D:7:      layout_basic, chequers_temple_overflow_statue_of_worship
D:8:      layout_loops_corners, grunt_ministairs_5
D:9:      layout_loops_ring
D:10:     layout_stronghold, lair_entry_dummy, kennysheep_generic_room_4,
          uniq_erica, uniq_lodul, uniq_erolcha
Temple:   hellmonk_temple_divided_pantheon

Skill      XL: |  1  2  3  4  5  6  7  8  9 10 11 |
---------------+----------------------------------+-----
Conjurations   | 2 3 4 5 6 |  6.1
Spellcasting   | 5 6 7 8 |  8.6
Invocations    | 1 2 3 4 5 6 7 |  7.5
Fighting       | 1 2 3 5 6 |  6.8
Short Blades   | 1 2 3 5 6 |  6.8
Long Blades    | 1 2 3 5 6 |  6.8
Axes           | 1 2 3 5 6 |  6.8
Maces & Flails | 1 2 3 5 6 |  6.8
Polearms       | 1 2 3 5 6 |  6.8
Staves         | 1 2 3 5 6 |  6.8
Ranged Weapons | 1 2 3 5 6 |  6.8
Throwing       | 1 2 3 5 6 |  6.8
Armour         | 1 2 3 5 6 |  6.8
Shields        | 1 2 3 5 6 |  6.8
Unarmed Combat | 1 2 3 5 6 |  6.8
Evocations     | 1 2 3 5 6 |  6.8
Shapeshifting  | 1 2 3 4 5 6 |  6.2
Hexes          | 1 2 3 4 5 |  5.7
Summonings     | 1 2 3 4 5 |  5.7
Necromancy     | 1 2 3 4 5 |  5.7
Translocations | 1 2 3 4 5 |  5.7
Fire Magic     | 1 2 3 4 5 |  5.7
Ice Magic      | 1 2 3 4 5 |  5.7
Earth Magic    | 1 2 3 4 5 |  5.7
Alchemy        | 1 2 3 4 5 |  5.7
Dodging        | 5 6 7 8 |  8.3
Stealth        | 5 6 7 8 |  8.1
Air Magic      | 6 7 8 |  8.0

Action                     |  1- 3 |  4- 6 |  7- 9 | 10-12 || total
---------------------------+-------+-------+-------+-------++-------
  Melee: Unarmed           |     5 |       |       |       ||     5
         Dagger            |    23 |    81 |       |       ||   104
         Bite              |     4 |     7 |    46 |    35 ||    92
         Whip              |       |    14 |   318 |   112 ||   444
         Punch             |       |       |     7 |     9 ||    16
         Scimitar          |       |       |       |    81 ||    81
         Mace              |       |       |       |    27 ||    27
  Throw: Dart              |       |     3 |     4 |    15 ||    22
         Throwing net      |       |       |       |     1 ||     1
   Cast: Shock             |    49 |    46 |    32 |    28 ||   155
         Static Discharge  |     1 |     4 |    84 |    44 ||   133
         Swiftness         |       |     1 |     3 |     5 ||     9
         Airstrike         |       |       |     6 |    14 ||    20
         Petrify           |       |       |     1 |     7 ||     8
         Anguish           |       |       |       |    14 ||    14
         Call Canine Famil |       |       |       |     6 ||     6
  Evoke: Wand              |       |       |     1 |     4 ||     5
         Condenser vane    |       |       |       |     1 ||     1
    Use: Scroll            |       |     7 |     2 |    11 ||    20
         Potion            |       |       |    10 |     4 ||    14
   Stab: Sleeping          |     2 |    11 |     9 |     5 ||    27
         Invisible         |       |       |     1 |       ||     1
         Petrified         |       |       |       |    17 ||    17
 Armour: Robe              |    30 |    36 |   261 |    43 ||   370
         Troll leather arm |       |       |       |   154 ||   154
  Dodge: Dodged            |    24 |   113 |   353 |   283 ||   773
  Block: Other             |       |       |    13 |    67 ||    80
         Reflection        |       |       |     1 |     1 ||     2
